AoeStats
← oveja83

Black Forest

510196987Analyzed
3v3 RM · 2d ago on Sep 29, 2026· 46m 40s· 6 players
Game mode
Random Map
Map size
Normal (6 player)
Population
200
Speed
Normal
Resources
Standard
Victory
Conquest
Starting age
Dark Age
Ending age
Imperial Age
RankedLock teamsTeams togetherTeam positionsShared explorationLock speedFull tech treeHidden civsTurbo modeCheats
Victory
Defeat
🇲🇽 Bengalis · Mexico
994
+14
🇮🇳 Vikings · India
979
+15
🇨🇱 Mongols · Chile
973
+15
🇫🇷 Britons · France
1062
-19
🇪🇸 Khmer · Spain
913
-13
🇷🇺 Maya · Russia
898
-12
oveja83
1:42 Loom
12:39 Feudal Age
17:07 Castle Age
15:20 Double-Bit Axe
18:34 Bow Saw
19:44 Horse Collar
21:36 Fishing Lines
23:34 Town Watch
24:50 Fortified Wall
26:52 Wheelbarrow
30:30 Imperial Age
28:24 Hand Cart
29:15 Town Patrol
29:41 Masonry
30:19 Gold Mining
30:20 Stone Mining
31:25 Forging
31:21 Scale Barding Armor
31:29 Bloodlines
31:21 Husbandry
32:19 Heavy Plow
33:12 Drill
33:12 Conscription
32:49 Fletching
33:28 Nomads
34:21 Iron Casting
33:44 Bodkin Arrow
35:03 Chemistry
34:59 Siege Engineers
34:52 Onager
35:00 Light Cavalry
37:29 Blast Furnace
37:29 Gold Shaft Mining
37:18 Chain Barding Armor
37:33 Hussar
38:55 Bracer
40:30 Ballistics
45:39 Capped Ram
Rik’Nohol
0:49 Loom
12:35 Feudal Age
19:39 Castle Age
20:18 Double-Bit Axe
25:58 Bow Saw
25:45 Fishing Lines
29:36 Imperial Age
27:07 Gold Mining
27:10 Stone Mining
28:49 Paiks
30:06 Elite Elephant Archer
30:41 Fletching
30:52 Padded Archer Armor
33:20 Chemistry
32:25 Bodkin Arrow
32:45 Leather Archer Armor
33:06 Ballistics
33:14 Gillnets
35:31 Elite Skirmisher
37:45 Gold Shaft Mining
40:40 Ring Archer Armor
40:11 Bracer
40:16 Scale Barding Armor
43:13 Conscription
46:17 Light Cavalry
47:07 Bloodlines
46:57 Husbandry
47:12 Forging
47:23 Chain Barding Armor
Boxster553
1:29 Loom
3:42 Loom
13:02 Feudal Age
15:05 Double-Bit Axe
17:30 Castle Age
15:30 Fishing Lines
15:59 Horse Collar
18:17 Heavy Plow
20:27 Bow Saw
20:28 Town Watch
22:31 Gillnets
23:30 Gold Mining
24:14 Town Patrol
26:13 Caravan
30:47 Imperial Age
28:55 Stone Mining
29:42 Gold Shaft Mining
31:14 Coinage
32:41 Crop Rotation
33:32 Two-Man Saw
33:33 Forging
33:14 Fletching
33:25 Padded Archer Armor
33:25 Scale Mail Armor
33:51 Ballistics
34:32 Chemistry
34:06 Banking
33:13 Capped Ram
34:14 Siege Ram
35:34 Iron Casting
34:55 Bodkin Arrow
35:30 Squires
35:16 Arson
36:53 Chain Mail Armor
38:07 Blast Furnace
37:21 Masonry
36:55 Treadmill Crane
36:52 Elite Berserk
37:33 Chieftains
37:54 Conscription
38:10 Hoardings
39:23 Plate Mail Armor
39:29 Architecture
Unknown-Ben
0:40 Loom
14:07 Feudal Age
19:29 Castle Age
18:28 Stone Mining
18:29 Double-Bit Axe
18:28 Horse Collar
20:56 Bow Saw
24:16 Treadmill Crane
27:54 Wheelbarrow
29:17 Gold Mining
29:42 Fletching
30:37 Fortified Wall
30:53 Bodkin Arrow
31:23 Ballistics
31:22 Pikeman
32:34 Masonry
34:24 Hand Cart
34:38 Forging
34:28 Scale Mail Armor
34:29 Padded Archer Armor
34:51 Yeomen
35:09 Gold Shaft Mining
35:03 Murder Holes
35:38 Heavy Plow
38:39 Imperial Age
36:47 Chain Mail Armor
37:07 Iron Casting
38:10 Leather Archer Armor
37:52 Town Watch
40:07 Conscription
39:36 Halberdier
45:40 Elite Longbowman
bene_solar
2:04 Loom
10:29 Feudal Age
15:21 Castle Age
14:35 Double-Bit Axe
16:41 Bow Saw
25:07 Wheelbarrow
29:13 Imperial Age
28:23 Stone Mining
28:17 Horse Collar
32:38 Chemistry
31:43 Town Watch
32:09 Fletching
32:19 Padded Archer Armor
33:41 Fortified Wall
34:18 Conscription
34:01 Gold Mining
36:03 Bloodlines
36:19 Husbandry
37:21 Light Cavalry
38:00 Bodkin Arrow
39:08 Double Crossbow
40:40 Hussar
41:59 Cavalier
Mko
13:40 Feudal Age
14:56 Wheelbarrow
15:37 Double-Bit Axe
16:41 Horse Collar
16:55 Gold Mining
16:55 Stone Mining
18:21 Fishing Lines
22:17 Castle Age
24:21 Forging
24:11 Scale Mail Armor
27:55 Bow Saw
30:00 Arson
29:36 Eagle Warrior
30:26 Heavy Plow
31:42 Hand Cart
32:15 Squires
33:18 Caravan
33:49 Coinage
35:03 Hul'che Javelineers
36:09 Stone Shaft Mining
36:13 Iron Casting
35:53 Chain Mail Armor
35:33 Fletching
35:44 Padded Archer Armor
36:21 Thumb Ring
35:39 Elite Skirmisher
36:08 Town Watch
36:17 Gillnets
40:04 Imperial Age
39:14 Bodkin Arrow
39:34 Leather Archer Armor
40:05 Elite Eagle Warrior
41:47 Blast Furnace
41:17 Plate Mail Armor
40:49 Bracer
41:32 Holcans
41:56 Conscription
43:23 Ring Archer Armor
44:43 Elite Plumed Archer
Connection lost

Rejoining the realm…

Still unreachable

The connection could not be restored.

Session expired

The server has moved on; the page needs a fresh start.